 Dungeon Crawl Stone Soup version 0.23-a0-455-ge12115f (webtiles) character file.

17 Gearfox the Charmwright (level 2, -2/25 HPs)
             Began as a Hill Orc Skald on Nov 24, 2018.
             Slain by a worm (10 damage)
             ... on level 1 of the Dungeon.
             The game lasted 00:04:21 (734 turns).

Gearfox the Charmwright (Hill Orc Skald)             Turns: 734, Time: 00:04:22

Health: -2/25      AC:  5    Str: 13    XL:     2   Next: 62%
Magic:  3/4        EV: 10    Int: 13    God:
Gold:   12         SH:  0    Dex: 10    Spells: 3/4 levels left

rFire    . . .     SeeInvis .   a - +0 hand axe
rCold    . . .     Gourm    .   (no shield)
rNeg     . . .     Faith    .   h - +0 ring mail
rPois    .         Spirit   .   (no helmet)
rElec    .         Reflect  .   (no cloak)
rCorr    .         Harm     .   (no gloves)
MR       .....                  (no boots)
Stlth    ..........             (no amulet)
HPRegen  0.08/turn              (no ring)
MPRegen  0.09/turn              (no ring)

@: infused
A: no striking features
a: no special abilities


You were on level 1 of the Dungeon.
You were not hungry.

You visited 1 branch of the dungeon, and saw 1 of its levels.

You collected 12 gold pieces.

Inventory:

Hand Weapons
 a - a +0 hand axe (weapon)
Armour
 b - a +0 leather armour
 h - a +0 ring mail (worn)
 k - a +0 shield
Scrolls
 f - a scroll of remove curse
 j - a scroll of amnesia
 l - a scroll of fog {unknown}
Potions
 c - a potion of haste {unknown}
 e - a potion of curing {unknown}
 g - 2 potions of might {unknown}
 m - a potion of degeneration {unknown}
Comestibles
 d - 3 rations
 i - 3 chunks of flesh


   Skills:
 * Level 2.6 Fighting
 * Level 3.1 Axes
 - Level 1.1 Armour
 - Level 1.5 Dodging
 + Level 1.6 Spellcasting
 * Level 3.1 Charms


You had 3 spell levels left.
You knew the following spells:

 Your Spells              Type           Power        Failure   Level  Hunger
a - Infusion              Chrm           #...         16%         1    ##.....

Your spell library contained the following spells:

 Spells                   Type           Power        Failure   Level  Hunger
 Song of Slaying          Chrm           #.......     24%         2    ###....
 Shroud of Golubria       Chrm/Tloc      #.........   41%         2    ###....
 Regeneration             Chrm/Necr      #.........   65%         3    ####...
 Spectral Weapon          Hex/Chrm       #.......     65%         3    ####...


Dungeon Overview and Level Annotations

Branches:
Dungeon (1/15)

Altars:


Message History

The worm is moderately wounded.
The worm bites you.
You hit the worm but do no damage.
The worm is moderately wounded.
You barely miss the worm.
The worm is moderately wounded.
The worm barely misses you.
You hit the worm.
The worm is moderately wounded.
The worm bites you.
You barely miss the worm.
The worm is moderately wounded.
Casting: Infusion (safe; 16% risk of failure)
Confirm with . or Enter, or press ? or * to list all spells.
You begin infusing your attacks with magical energy.
The worm closely misses you.
You barely miss the worm.
The worm is lightly wounded.
The worm bites you!
You die...

.# #.##......#.#....#.........#
.## #.........#.#..............#
..######.......#<###.##.........#
...............#.###.##.........#
#.######.......#.#...##.........#
#.###..........#.###.##.........#
#.##..........##.###.############
...............#.#...#########
.#.............#@##..........#
##....##.......#w#...........#
#...###.##....#.#...##......#
##..###..#######)###.##......#
...#....## ### #.##......#
.###.#### #.######### .....# #.#
###### ### #


You could see a worm.

Vanquished Creatures
  A leopard gecko (D:1)
  2 giant cockroaches (D:1)
  2 hobgoblins (D:1)
  A kobold (D:1)
  A ball python (D:1)
  5 bats (D:1)
  A goblin (D:1)
  3 rats (D:1)
16 creatures vanquished.

Notes
Turn   | Place    | Note
-------+----------+-------------------------------------------
     0 | D:1      | Gearfox the Hill Orc Skald began the quest for the Orb.
     0 | D:1      | Reached XP level 1. HP: 18/18 MP: 3/3
   214 | D:1      | Reached XP level 2. HP: 22/25 MP: 4/4
   734 | D:1      | Slain by a worm

Vault maps used:
D:1:      evilmike_arrival_run_for_it

Skill      XL: |  1  2 |
---------------+-------+-----
Charms         | 3 |  3.1
Axes           | 3 |  3.1
Fighting       | |  2.6
Armour         | |  1.1
Dodging        | |  1.5
Spellcasting   | |  1.6

Action                   || total
-------------------------++-------
Melee: Hand axe          ||    52
 Cast: Infusion          ||     2
  Use: Scroll            ||     3
Armor: Leather armour    ||     2
       Ring mail         ||    17
Dodge: Dodged            ||    36

Table legend:
 A = Non-vault XP
 B = Vault XP
 C = Vault XP percentage of total XP
 D = Non-vault monster count
 E = Vault monster count
 F = Vault count percentage of total count
                 A         B        C        D         E       F
            +---------+---------+-------+---------+---------+-------
      Total |      25 |       0 |   0.0 |      16 |       0 |   0.0
            +---------+---------+-------+---------+---------+-------
        D:1 |      25 |       0 |   0.0 |      16 |       0 |   0.0
            +---------+---------+-------+---------+---------+-------
